 Seeded DCSS version 0.30.1-9-gdf580d7c3d (webtiles) character file.

Game seed: 6351066067085065685 (custom seed)

257927 Esekla the Sorcerer (level 19, -3/116 HPs)
             Began as a Deep Elf Wanderer on Oct 15, 2023.
             Was the Champion of Vehumet.
             Slain by a vault warden
             ... wielding a +1 halberd
              (28 damage)
             ... on level 4 of the Vaults.
             The game lasted 05:06:38 (32346 turns).

Esekla the Sorcerer (Deep Elf Wanderer)            Turns: 32346, Time: 05:06:39

Health: -3/116     AC: 22    Str:  9    XL:     19   Next: 11%
Magic:  42/50      EV: 14    Int: 33    God:    Vehumet [******]
Gold:   1307       SH:  4    Dex: 11    Spells: 2/69 levels left

rFire   + . .        s - +8 arc blade {discharge, rElec}
rCold   . . .        o - +0 buckler
rNeg    + . .        Z - +1 ring mail "Uronn" {rF+ Regen+ Int+3}
rPois   +            V - +2 helmet {Int+3}
rElec   +            d - +2 cloak {Stlth+}
rCorr   .            k - +0 pair of gloves
SInv    .            g - +2 pair of boots {rampage}
Will    +....        v - amulet of magic regeneration
Stlth   +++          H - ring of Greed {rElec rPois rN+ AC+4 Str-2}
HPRegen 1.19/turn    O - ring of the Mage {Wiz Archmagi}
MPRegen 0.72/turn

%: rampage, wizardry (x1), archmagi
@: marked, wereblooded, frozen, very slow
A: no striking features
}: 2/15 runes: barnacled, gossamer
a: Renounce Religion


You were on level 4 of the Vaults.
You worshipped Vehumet.
Vehumet was exalted by your worship.
You visited 7 branches of the dungeon, and saw 32 of its levels.
You visited 1 bazaar.
You also visited: Bailey.

You collected 6837 gold pieces.
You spent 5530 gold pieces at shops.

Inventory:

Hand Weapons
 a - the +8 Vampire's Tooth {megavamp}
   (You bought it in a shop in a bazaar)
 c - a +4 long sword of protection
 f - a +4 scimitar of flaming
 r - a +4 trident of venom
 s - the +8 arc blade (weapon) {discharge, rElec}
   (You bought it in a shop on level 4 of the Dungeon)

   rElec:     It insulates you from electricity.
 z - a +2 demon blade of freezing
Missiles
 l - 26 boomerangs (quivered)
 u - 78 poisoned darts
 G - 5 curare-tipped darts
 P - 9 silver javelins
Armour
 d - a +2 cloak of stealth (worn)
 g - a +2 pair of boots of rampaging (worn)
 k - a +0 pair of gloves (worn)
 o - a +0 buckler (worn)
 U - a +2 robe of cold resistance
 V - a +2 helmet of intelligence (worn)
 Y - the +1 animal skin "Kougi" {rPois rF++ MP+9}
   (You found it on level 2 of the Shoals)

   rF:        It greatly protects you from fire.
   rPois:     It protects you from poison.
   MP:        It affects your magic capacity (+9).
 Z - the +1 ring mail "Uronn" (worn) {rF+ Regen+ Int+3}
   (You found it on level 4 of the Shoals)

   Int:       It affects your intelligence (+3).
   rF:        It protects you from fire.
   Regen:     It increases your rate of health regeneration.
Magical Staves
 L - a staff of death
Jewellery
 v - an amulet of magic regeneration (around neck)
 D - the ring "Pileq" {Ice Str+4 Dex+3 Slay+2}
   (You found it on level 4 of the Shoals)

   [ring of ice]

   It enhances your ice magic.
   Str:       It affects your strength (+4).
   Dex:       It affects your dexterity (+3).
   Slay:      It affects your accuracy & damage with ranged weapons and melee
   (+2).
   rF:        It makes you vulnerable to fire.
   rC:        It protects you from cold.
 H - the ring of Greed (left hand) {rElec rPois rN+ AC+4 Str-2}
   (You bought it in a shop on level 2 of the Dungeon)

   [ring of protection]

   AC:        It affects your AC (+4).
   Str:       It affects your strength (-2).
   rElec:     It insulates you from electricity.
   rPois:     It protects you from poison.
   rN:        It protects you from negative energy.
 J - a ring of see invisible
 K - an amulet of reflection
 O - the ring of the Mage (right hand) {Wiz Archmagi}
   (You bought it in a shop on level 2 of the Dungeon)

   [ring of wizardry]

   It improves your spell success rate.
   Archmagi:  It increases the power of your magical spells.
Wands
 B - a wand of flame (33)
 F - a wand of mindburst (9)
 R - a wand of digging (3)
 T - a wand of roots (31)
 W - a wand of quicksilver (16)
Scrolls
 m - 6 scrolls of identify
 q - 5 scrolls of enchant weapon
 t - 4 scrolls of fog
 w - 7 scrolls of blinking
 y - 2 scrolls of magic mapping
 A - 6 scrolls of fear
 C - 13 scrolls of teleportation
 E - 3 scrolls of poison
 M - a scroll of silence
Potions
 b - 7 potions of lignification
 e - 7 potions of ambrosia
 h - 4 potions of heal wounds
 i - 7 potions of attraction
 j - 6 potions of curing
 n - 3 potions of might
 p - 3 potions of cancellation
 x - 9 potions of haste
 I - 5 potions of brilliance
 Q - 3 potions of magic
 S - 4 potions of flight
 X - 3 potions of resistance
Miscellaneous
 N - a lightning rod (4/4)


   Skills:
 - Level 11.8 Fighting
 + Level 4.0(4.6) Short Blades
 + Level 3.1(4.0) Long Blades
 + Level 2.2 Throwing
 - Level 7.0 Armour
 * Level 14.5 Dodging
 + Level 4.6 Stealth
 + Level 2.9 Shields
 * Level 25.6 Spellcasting
 + Level 8.6 Conjurations
 + Level 10.5 Necromancy
 + Level 5.8 Translocations
 + Level 6.6 Transmutations
 + Level 7.1 Fire Magic
 + Level 9.3 Ice Magic
 * Level 9.8 Air Magic
 * Level 7.3 Earth Magic
 - Level 9.3 Poison Magic
 + Level 1.0 Invocations
 + Level 0.5 Evocations


You had 2 spell levels left.
You knew the following spells:

 Your Spells              Type           Power      Damage    Failure   Level
b - Blink                 Tloc           100%       N/A       1%          2
c - Mephitic Cloud        Conj/Pois/Air  100%       N/A       1%          3
d - Vampiric Draining     Necr           100%       2d13      1%          3
e - Searing Ray           Conj           100%       2d8       1%          2
f - Fireball              Conj/Fire      48%        3d19      1%          5
g - Ozocubu's Refrigerat  Ice            51%        4d18      4%          7
i - Irradiate             Conj/Tmut      48%        3d27      1%          5
k - Iskenderun's Mystic   Conj/Tloc      94%        2d18      1%          4
m - Maxwell's Capacitive  Air            51%        ∞         24%         8
n - Ignite Poison         Fire/Tmut/Pois 96%        N/A       1%          3
p - Apportation           Tloc           100%       N/A       1%          1
r - Frozen Ramparts       Ice            100%       1d16      1%          3
u - Dispel Undead         Necr           100%       3d31      1%          4
v - Poisonous Vapours     Pois/Air       100%       N/A       1%          2
w - Wereblood             Tmut           92%        N/A       1%          2
x - Olgreb's Toxic Radia  Pois           100%       N/A       1%          4
y - Sticky Flame          Conj/Fire      97%        2d11      1%          4
z - Freezing Cloud        Conj/Ice/Air   50%        6-21      1%          5

Your spell library contained the following spells:

 Spells                   Type           Power      Damage    Failure   Level
 Chain Lightning          Conj/Air       50%        3d67      97%         9
 Polar Vortex             Ice            51%        N/A       97%         9
 Fire Storm               Conj/Fire      48%        8d12      99%         9
 Foxfire                  Conj/Fire      100%       2x1d9     1%          1
 Magic Dart               Conj           100%       1d8       1%          1
 Necrotise                Necr           100%       1d9       1%          1
 Sandblast                Erth           100%       2d20      1%          1
 Shock                    Conj/Air       100%       1d9       1%          1
 Call Imp                 Summ           100%       N/A       1%          2
 Cigotuvi's Dreadful Rot  Necr/Pois/Air  100%       N/A       1%          2
 Lesser Beckoning         Tloc           100%       N/A       1%          2
 Passwall                 Tmut/Erth      77%        N/A       1%          2
 Sublimation of Blood     Necr           100%       N/A       1%          2
 Gell's Gravitas          Tloc           89%        N/A       1%          3
 Hailstorm                Conj/Ice       100%       3d20      1%          3
 Inner Flame              Hex/Fire       78%        N/A       1%          3
 Portal Projectile        Hex/Tloc       100%       N/A       1%          3
 Spider Form              Tmut/Pois      97%        N/A       1%          3
 Stone Arrow              Conj/Erth      100%       3d13      1%          3
 Swiftness                Air            100%       N/A       1%          3
 Teleport Other           Tloc           89%        N/A       1%          3
 Vhi's Electric Charge    Tloc/Air       100%       N/A       1%          3
 Airstrike                Air            51%        2d(8-24)  1%          4
 Anguish                  Hex/Necr       43%        N/A       1%          4
 Ice Form                 Ice/Tmut       97%        N/A       1%          4
 Manifold Assault         Tloc           89%        N/A       1%          4
 Passage of Golubria      Tloc           89%        N/A       1%          4
 Summon Ice Beast         Ice/Summ       83%        N/A       1%          4
 Agony                    Necr           100%       N/A       1%          5
 Arcjolt                  Conj/Air       50%        1d60      1%          5
 Yara's Violent Unravell  Hex/Tmut       38%        3d15      1%          5
 Conjure Ball Lightning   Conj/Air       50%        3x3d17    1%          6
 Death Channel            Necr           53%        N/A       1%          6
 Plasma Beam              Fire/Air       49%        2x1d70    1%          6
 Starburst                Conj/Fire      48%        6d13      1%          6
 Silence                  Hex/Air        42%        N/A       3%          5
 Orb of Destruction       Conj           49%        9d13      6%          7
 Cause Fear               Hex            29%        N/A       9%          4
 Dispersal                Tloc           44%        N/A       12%         6
 Summon Mana Viper        Hex/Summ       59%        N/A       24%         5
 Lehudib's Crystal Spear  Conj/Erth      48%        10d12     43%         8
 Ignition                 Fire           47%        3d13      54%         8
 Enfeeble                 Hex            29%        N/A       99%         7
 Summon Hydra             Summ           29%        N/A       99%         7
 Disjunction              Tloc           44%        N/A       99%         8


Dungeon Overview and Level Annotations

Branches:
Dungeon (13/15)            Temple (0/1) D:6            Lair (5/5) D:11
 Shoals (4/4) Lair:2       Spider (4/4) Lair:3        Slime (0/5) Lair:5
    Orc (2/2) D:10            Elf (1/3) Orc:2        Vaults (2/5) D:13
  Crypt (0/3) Vaults:2     Bailey (visited)

Altars:
Dithmenos
Fedhas
Hepliaklqana
Nemelex Xobeh
Okawaru
Qazlal
Ru
Trog
Uskayaw
Vehumet
Zin
The Shining One
Jiyva

Shops:
D:2 =   D:4 (   D:11 *   Orc:2 **[:   Shoals:2 (   Shoals:3 !   Vaults:1 [

Portals:
Pandemonium: Orc:2
Trove: D:12 (lose all piety)

Annotations:
D:2 black bear @ faded altar
D:10 gargoyle
Vaults:4 16 runed doors


Message History

You feel life coursing into your body!
The yaktaur captain is poisoned.
The vault warden hits you with a +0 great sword!!
* * * LOW HITPOINT WARNING * * *
The vault warden barely misses you.
You feel much better.
The vault warden looks even sicker.
A vault sentinel breaks down the door.
The vault warden barely misses you. The vault warden closely misses you.
Your magical contamination has completely faded away.
A glowing orange brain and an ironbound frostheart come into view.
Casting: Vampiric Draining (safe; 1% risk of failure)
Confirm with . or Enter, or press ? or * to list all spells.
You feel a surge of power!
You ignite the poison in your surroundings!
The vault warden seems to burn from within!!
The vault warden is almost dead.
The vault warden seems to burn from within!!!
The vault warden is almost dead.
The dire elephant seems to burn from within!!!
The dire elephant is severely wounded.
The yaktaur captain seems to burn from within!!
The yaktaur captain is moderately wounded.
The vault sentinel seems to burn from within!!!
You kill the vault sentinel!
Vehumet accepts your kill.
You feel your power returning.
You howl as the wereblood boils in your veins!
The glowing orange brain is poisoned.
The dire elephant is poisoned.
You feel a bit better.
You kill the vault warden!
Vehumet accepts your kill.
You feel your power returning.
The vault warden is poisoned.
The yaktaur captain is poisoned.
The ironbound frostheart is poisoned.
Your toxic aura wanes.
The ironbound frostheart calls freezing cold from the walls.
The frost grips you!!
* * * LOW HITPOINT WARNING * * *
You are encased in ice.
A lindwurm comes into view.
The vault warden hits you from afar with a +1 halberd!!
You die...

#... ###.......
..#.).J... #
#.#J.J... #.#.#..J..
#.#(#..J# ##
...#..G##.#.#.#.
#.#...J@)pYc...
#....#
#.'p..##[#.#.#k
#....# #.#...# ##
#....# ...#...#
#....# #####...#
#....# #...# #....#
#...###########....#
#..................#
#...############...#


You could see a dire elephant (poisoned), a vault warden (poisoned), a yaktaur
captain (poisoned), a slime creature, an ironbound frostheart (poisoned), a
glowing orange brain (poisoned) and a lindwurm.

Vanquished Creatures
  Mara (Spider:4)
  Rupert (Lair:4)
  3 sphinxes (Shoals:4)
  2 krakens
  Ilsuiw (Shoals:3)
  9 emperor scorpions
  2 vault wardens (Vaults:4)
  A deep elf sorcerer (Elf:1)
  4 ghost moths
  3 orc warlords
  4 very ugly things
  4 ironbound thunderhulks
  6 ironbound preservers
  A broodmother (Spider:3)
  A vampire knight (Vaults:2)
  A deep elf demonologist (Elf:1)
  Azrael (Orc:2)
  2 dire elephants
  2 deep elf annihilators (Elf:1)
  A minotaur (Shoals:4)
  2 eidola (Vaults:2)
  2 spark wasps
  A crystal guardian (Vaults:4)
  5 entropy weavers
  A deep elf death mage (Elf:1)
  4 merfolk impalers
  4 fire dragons
  2 great orbs of eyes
  3 yaktaur captains
  3 merfolk javelineers (Shoals:3)
  A deep elf high priest (Elf:1)
  Harold (D:9)
  3 boulder beetles
  5 vault guards
  5 ironbound frosthearts
  A demonspawn (Orc:2)
  A peacekeeper (Vaults:4)
  3 merfolk aquamancers
  3 radroaches
  3 hydras
  16 satyrs
  4 centaur warriors
  A catoblepas (Lair:5)
  3 jorogumos
  An alligator snapping turtle (Shoals:3)
  4 dancing weapons (Elf:1)
  4 merfolk avatars
  4 two-headed ogres
  A vampire mage (Vaults:2)
  3 orc high priests (Orc:2)
  2 pharaoh ants
  A skeletal warrior (D:13)
  A sun moth (Spider:1)
  14 deep trolls
  Lodul (D:11)
  11 sea snakes
  4 skysharks
  10 orb spiders
  A deep elf archer (Elf:1)
  Pikel (D:6)
  A swamp dragon (Lair:5)
  5 ironbound convokers
  3 steelbarb worms
  4 lindwurms
  A tengu zombie (Vaults:4)
  An oklob plant (Lair:5)
  3 wizards (Vaults:2)
  7 deep elf zephyrmancers (Elf:1)
  29 harpies
  10 ugly things
  8 wolf spiders
  9 deep elf pyromancers
  A tengu skeleton (Vaults:4)
  2 necromancers (Vaults:4)
  11 orc knights
  9 cyclopes
  10 orc sorcerers
  3 moths of wrath
  Joseph (D:7)
  A stone giant zombie (Vaults:4)
  24 manticores
  24 fauns
  6 merfolk sirens
  2 black mambas
  A black mamba (shapeshifter) (D:13)
  2 human skeletons (Vaults:4)
  7 water nymphs
  7 torpor snails
  A smoke demon (Orc:2)
  11 vault sentinels
  9 elephants (Lair:5)
  A gargoyle (D:11)
  3 demonic crawlers
  11 cane toads
  Psyche (D:11)
  4 human zombies (Vaults:4)
  3 rime drakes
  16 komodo dragons
  An unseen horror (D:13)
  A freezing wraith (Vaults:2)
  10 yaktaurs
  3 kobold demonologists
  A tengu conjurer (D:13)
  28 merfolk
  A red devil (Orc:2)
  A polar bear (D:11)
  7 trolls
  9 tarantellas
  3 tyrant leeches (Lair:5)
  2 wind drakes
  12 hornets
  A dream sheep (shapeshifter) (Elf:1)
  5 blink frogs (Lair:1)
  9 slime creatures
  4 centaur simulacra (D:11)
  11 jumping spiders
  7 snapping turtles
  12 spriggans (Lair:3)
  An air elemental (Elf:1)
  2 vampires
  7 culicivoras
  5 water elementals
  2 wraiths
  33 yaks
  5 basilisks
  A chaos spawn (Orc:2)
  3 fire elementals (Orc:2)
  3 steam dragons
  5 wyverns
  A vampire mosquito (D:13)
  29 redbacks
  Menkaure (D:7)
  3 wargs
  3 acid dragons
  6 ice beasts
  14 water moccasins
  4 hell hounds (Orc:2)
  2 swamp drakes (Lair:5)
  A sky beast (D:6)
  43 orc warriors
  2 black bears
  17 ogres
  2 centaurs
  12 wolves
  3 boggarts (Lair:3)
  A phantom (D:7)
  4 lemures
  Blork the orc (D:6)
  6 kobold brigands
  An earth elemental (Elf:1)
  4 gnoll sergeants
  10 bullfrogs
  3 scorpions
  10 wights
  21 killer bees
  2 howler monkeys (D:10)
  An electric eel (D:11)
  2 quasits
  6 hounds
  A jelly (D:6)
  Crazy Yiuf (D:7)
  32 orc priests
  2 gnoll boudas
  12 hell rats
  A sleepcap (D:5)
  7 iguanas
  14 orc wizards
  31 gnolls
  9 adders
  3 shadow imps (D:8)
  9 white imps
  4 ufetubi
  A worm (D:4)
  3 dart slugs
  95 orcs
  4 endoplasms
  9 goblins
  7 hobgoblins
  A quokka (D:1)
  3 training dummies (Shoals:2)
  6 ball pythons
  4 bats
  4 frilled lizards
  24 kobolds
  A rat (D:2)
  A butterfly (Lair:4)
  2 tentacles (Shoals:3)
1143 creatures vanquished.

Vanquished Creatures (others)
  A merfolk aquamancer (Shoals:4)
  A wind drake (Shoals:4)
  3 ball lightnings (Elf:1)
  6 tentacles
11 creatures vanquished.

Grand Total: 1154 creatures vanquished

Notes
Turn   | Place    | Note
-------+----------+-------------------------------------------
     0 | D:1      | Esekla the Deep Elf Wanderer began the quest for the Orb.
     0 | D:1      | Esekla set off with the following items: a +0 club, a
                  | potion of lignification, a +0 robe, a +0 buckler; and the
                  | following spells available to memorise: Apportation, Blink,
                  | Lesser Beckoning, Magic Dart, Ignite Poison, Vampiric
                  | Draining.
     0 | D:1      | Reached XP level 1. HP: 10/10 MP: 7/7
     2 | D:1      | Learned a level 1 spell: Magic Dart
     4 | D:1      | Learned a level 1 spell: Apportation
   238 | D:2      | Found Renulab's Jewellery Shop.
   446 | D:4      | Found a radiant altar of Vehumet.
   454 | D:4      | Found an iron altar of Okawaru.
   465 | D:4      | Found a glowing silver altar of Zin.
   550 | D:4      | Became a worshipper of Vehumet
   770 | D:3      | Reached XP level 2. HP: 12/15 MP: 9/9
   773 | D:3      | Learned a level 2 spell: Blink
   950 | D:3      | Reached skill level 5 in Spellcasting
  1002 | D:3      | Identified the +5 rapier of the Hero {heavy, rN+ Dex+3}
  1025 | D:2      | Reached skill level 1 in Dodging
  1229 | D:3      | Reached XP level 3. HP: 19/19 MP: 8/11
  1233 | D:3      | Learned a level 3 spell: Vampiric Draining
  1797 | D:2      | Noticed a black bear
  1880 | D:3      | Found a stormy altar of Qazlal.
  1918 | D:3      | Found a hazy altar of Hepliaklqana.
  1923 | D:3      | Reached skill level 1 in Necromancy
  1923 | D:3      | Reached XP level 4. HP: 24/24 MP: 9/13
  1924 | D:3      | Found a bloodstained altar of Trog.
  2044 | D:4      | Found Ponaysk's Antique Weapon Boutique.
  2190 | D:3      | Reached skill level 1 in Short Blades
  2559 | D:1      | Reached * piety under Vehumet
  2559 | D:1      | Offered knowledge of Kiss of Death by Vehumet.
  2794 | D:2      | Found a faded altar of an unknown god.
  3050 | D:2      | Reached XP level 5. HP: 28/28 MP: 15/15
  3170 | D:2      | Reached skill level 6 in Spellcasting
  3297 | D:5      | Entered Level 5 of the Dungeon
  3300 | D:5      | Got the Parchment of the Lumpy Olives
  3328 | D:5      | Found a shadowy altar of Dithmenos.
  3405 | D:5      | Reached XP level 6. HP: 32/32 MP: 15/17
  3637 | D:5      | Reached skill level 7 in Spellcasting
  4123 | D:4      | Found a glowing golden altar of the Shining One.
  4134 | D:4      | Reached XP level 7. HP: 30/36 MP: 20/20
  4138 | D:4      | Reached ** piety under Vehumet
  4192 | D:4      | Offered knowledge of Searing Ray by Vehumet.
  4220 | D:3      | Learned a level 2 spell: Searing Ray
  4527 | D:5      | Reached skill level 1 in Conjurations
  4657 | D:5      | Reached skill level 8 in Spellcasting
  4829 | D:6      | Found a blossoming altar of Fedhas.
  5031 | D:6      | Reached skill level 9 in Spellcasting
  5031 | D:6      | Reached XP level 8. HP: 22/41 MP: 15/23
  5185 | D:6      | Noticed Pikel
  5201 | D:7      | Found a runed translucent door.
  5202 | D:7      | Noticed Crazy Yiuf
  5211 | D:7      | Killed Crazy Yiuf
  5550 | D:7      | Noticed Menkaure
  5556 | D:7      | Killed Menkaure
  5643 | D:7      | Reached skill level 10 in Spellcasting
  5643 | D:7      | Reached skill level 5 in Necromancy
  5691 | D:7      | Learned a level 3 spell: Ignite Poison
  5732 | D:7      | Offered knowledge of Dazzling Flash by Vehumet.
  5807 | D:6      | Found a staircase to the Ecumenical Temple.
  6142 | D:6      | Noticed Blork the orc
  6154 | D:6      | Killed Blork the orc
  6874 | D:5      | Reached *** piety under Vehumet
  6875 | D:5      | Reached skill level 1 in Transmutations
  7023 | D:6      | Killed Pikel
  7024 | D:6      | Reached skill level 1 in Throwing
  7024 | D:6      | Reached skill level 5 in Dodging
  7024 | D:6      | Reached skill level 11 in Spellcasting
  7024 | D:6      | Reached XP level 9. HP: 22/45 MP: 13/26
  7198 | D:7      | Noticed Joseph
  7328 | D:7      | Killed Joseph
  7329 | D:7      | Reached skill level 12 in Spellcasting
  7367 | D:8      | Offered knowledge of Iskenderun's Mystic Blast by Vehumet.
  7377 | D:7      | Learned a level 4 spell: Iskenderun's Mystic Blast
  7661 | D:8      | Reached skill level 5 in Conjurations
  7773 | D:8      | Reached skill level 1 in Long Blades
  7791 | D:8      | Noticed a two-headed ogre
  7792 | D:8      | Found a hide-covered altar of Uskayaw.
  7971 | D:8      | Reached **** piety under Vehumet
  8001 | D:8      | Killed a two-headed ogre
  8002 | D:8      | Reached skill level 13 in Spellcasting
  8002 | D:8      | Reached XP level 10. HP: 14/50 MP: 27/29
  8259 | D:8      | Found a transporter.
  8259 | D:8      | Found a transporter.
  8262 | D:8      | Found a transporter.
  8263 | D:8      | Found a transporter.
  8711 | D:9      | Found a flagged portal.
  8722 | Bailey   | Entered a bailey
  8741 | Bailey   | Offered knowledge of Volatile Blastmotes by Vehumet.
  8874 | Bailey   | Identified the +2 bardiche of Puhoisos {heavy, rElec
                  | Stlth+}
  9046 | Bailey   | Noticed an orc knight
  9046 | Bailey   | Noticed an orc knight
  9105 | Bailey   | Killed an orc knight
  9212 | Bailey   | Killed an orc knight
  9584 | D:9      | Noticed a rust devil
  9586 | D:9      | Reached skill level 14 in Spellcasting
  9704 | D:9      | Found a sparkling altar of Nemelex Xobeh.
  9753 | D:9      | Noticed a two-headed ogre
  9758 | D:9      | Killed a two-headed ogre
  9759 | D:9      | Reached skill level 1 in Fighting
  9945 | D:9      | Noticed a cyclops
  9952 | D:9      | Killed a cyclops
 10043 | D:9      | Reached XP level 11. HP: 57/57 MP: 31/31
 10311 | D:9      | Noticed Harold
 10320 | D:9      | Killed Harold
 10452 | D:10     | Entered Level 10 of the Dungeon
 10718 | D:10     | Reached ***** piety under Vehumet
 10718 | D:10     | Offered knowledge of Olgreb's Toxic Radiance by Vehumet.
 10746 | D:10     | Learned a level 4 spell: Olgreb's Toxic Radiance
 10839 | D:10     | Found a staircase to the Orcish Mines.
 10849 | Orc:1    | Entered Level 1 of the Orcish Mines
 10850 | Orc:1    | Noticed an orc knight
 10861 | Orc:1    | Killed an orc knight
 10862 | Orc:1    | Reached skill level 1 in Fire Magic
 10862 | Orc:1    | Reached skill level 1 in Poison Magic
 11228 | D:2      | Bought the ring of the Mage {Wiz Archmagi} for 714 gold
                  | pieces
 11228 | D:2      | Found the ring of the Mage {Wiz Archmagi}
 11474 | D:10     | Reached skill level 15 in Spellcasting
 11544 | D:11     | Noticed Lodul
 11677 | D:10     | Found a sacrificial altar of Ru.
 11847 | D:11     | Reached skill level 1 in Armour
 11855 | D:11     | Killed Lodul
 11955 | D:11     | Noticed Psyche
 11956 | D:11     | Noticed a two-headed ogre
 11985 | D:11     | Got Simple Magic
 12139 | D:12     | Learned a level 2 spell: Wereblood
 12216 | D:12     | Found a portal to a secret trove of treasure.
 12275 | D:12     | Learned a level 3 spell: Mephitic Cloud
 12278 | D:12     | Learned a level 2 spell: Poisonous Vapours
 12284 | D:12     | Learned a level 5 spell: Freezing Cloud
 12383 | D:12     | Learned a level 5 spell: Fireball
 12443 | D:12     | Reached XP level 12. HP: 66/66 MP: 33/33
 12519 | D:11     | Reached skill level 16 in Spellcasting
 12519 | D:11     | Offered knowledge of Spellforged Servitor by Vehumet.
 12692 | D:11     | Reached skill level 1 in Ice Magic
 12767 | Orc:2    | Entered Level 2 of the Orcish Mines
 12887 | Orc:2    | Reached skill level 1 in Air Magic
 12915 | Orc:2    | Reached skill level 5 in Fighting
 12940 | Orc:2    | Found Roezostra's General Store.
 13197 | Orc:2    | Noticed an orc warlord
 13233 | Orc:2    | Killed an orc warlord
 13308 | Orc:2    | Found a staircase to the Elven Halls.
 13386 | Orc:2    | Offered knowledge of Irradiate by Vehumet.
 13399 | Orc:2    | Learned a level 5 spell: Irradiate
 13441 | Orc:2    | Found Bamnuus's General Store.
 13565 | Orc:2    | Reached skill level 17 in Spellcasting
 13609 | Orc:2    | Bought a scroll of identify for 34 gold pieces
 13645 | Orc:2    | Reached skill level 5 in Poison Magic
 13645 | Orc:2    | Reached XP level 13. HP: 74/74 MP: 33/36
 13767 | Orc:2    | Noticed Azrael
 13775 | Orc:2    | Killed Azrael
 13870 | Orc:2    | Paralysed by an orc sorcerer for 3 turns
 13941 | Orc:2    | Found Huzal's Antique Armour Boutique.
 13941 | Orc:2    | Found Jyohez's Book Shop.
 13942 | Orc:2    | Found a one-way gate leading to the halls of Pandemonium.
 13944 | Orc:2    | Bought a runed helmet for 270 gold pieces
 14028 | Orc:1    | Offered knowledge of Ozocubu's Refrigeration by Vehumet.
 14032 | Orc:1    | Noticed an orc warlord
 14039 | Orc:1    | Killed an orc warlord
 14435 | D:2      | Bought the ring of Greed {rElec rPois rN+ AC+4 Str-2} for
                  | 758 gold pieces
 14606 | D:11     | Found Fagafuf's Pet Rocks.
 14820 | D:11     | Found a staircase to the Lair.
 14922 | D:11     | Killed Psyche
 14997 | Lair:1   | Entered Level 1 of the Lair of Beasts
 15070 | Lair:1   | Reached skill level 18 in Spellcasting
 15078 | Lair:1   | Learned a level 7 spell: Ozocubu's Refrigeration
 15592 | Lair:1   | Reached skill level 5 in Fire Magic
 15884 | Lair:2   | Reached skill level 5 in Ice Magic
 16354 | Lair:2   | Found a transporter.
 16354 | Lair:2   | Found a transporter.
 16664 | Lair:2   | Found a staircase to the Shoals.
 16763 | Lair:3   | Found a hole to the Spider Nest.
 16897 | Lair:3   | Identified the +3 leather armour of Okawaru's Inspiration
                  | {Str+4}
 16942 | Lair:3   | Reached XP level 14. HP: 78/82 MP: 26/38
 17027 | Lair:3   | Reached skill level 5 in Translocations
 17324 | Lair:3   | Reached skill level 10 in Dodging
 17334 | Lair:3   | Reached skill level 5 in Air Magic
 17550 | Lair:4   | Noticed Rupert
 17556 | Lair:4   | Killed Rupert
 17816 | Lair:4   | Reached skill level 5 in Armour
 17817 | Lair:4   | Reached ****** piety under Vehumet
 18402 | Lair:5   | Entered Level 5 of the Lair of Beasts
 18408 | Lair:5   | Offered knowledge of Conjure Ball Lightning by Vehumet.
 18495 | Lair:5   | Reached skill level 19 in Spellcasting
 18748 | Lair:5   | Found a viscous altar of Jiyva.
 18749 | Lair:5   | Found a staircase to the Slime Pits.
 18937 | Lair:5   | Found a runed translucent door.
 19420 | Lair:5   | Got Utragud's Papyrus of the Inquisitive Olives
 19557 | Lair:5   | Learned a level 6 spell: Conjure Ball Lightning
 19562 | Lair:5   | Learned a level 4 spell: Sticky Flame
 19644 | Lair:5   | Reached XP level 15. HP: 89/89 MP: 32/40
 19863 | Spider:1 | Entered Level 1 of the Spider Nest
 19897 | Spider:1 | Identified the +1 pair of boots of Piysunuo {Str+3}
 20419 | Spider:2 | Reached skill level 20 in Spellcasting
 20558 | Spider:2 | Offered knowledge of Orb of Destruction by Vehumet.
 20699 | Spider:2 | You fall into a shaft and drop 1 floor!
 21129 | Spider:3 | Noticed an emperor scorpion
 21144 | Spider:3 | Killed an emperor scorpion
 21422 | Spider:3 | Noticed an emperor scorpion
 21431 | Spider:3 | Killed an emperor scorpion
 22355 | Elf:1    | Entered Level 1 of the Elven Halls
 22514 | Elf:1    | Learned a level 7 spell: Orb of Destruction
 22517 | Elf:1    | Paralysed by an air elemental for 1 turns
 22524 | Elf:1    | Paralysed by an air elemental for 1 turns
 22626 | Elf:1    | Noticed a deep elf sorcerer
 22629 | Elf:1    | Killed a deep elf sorcerer
 22694 | Elf:1    | Reached XP level 16. HP: 97/97 MP: 36/42
 23381 | D:10     | Acquired 640 gold pieces
 23382 | D:10     | Acquired 920 gold pieces
 23383 | D:10     | Acquired 774 gold pieces
 23570 | D:4      | Bought the +8 arc blade {discharge, rElec} for 1740 gold
                  | pieces
 23570 | D:4      | Found the +8 arc blade {discharge, rElec}
 23654 | D:2      | Bought a ring of see invisible for 210 gold pieces
 23921 | Spider:4 | Entered Level 4 of the Spider Nest
 23921 | Spider:4 | Noticed Mara
 23941 | Spider:4 | Reached skill level 10 in Fighting
 23941 | Spider:4 | Reached skill level 21 in Spellcasting
 23941 | Spider:4 | Reached skill level 5 in Transmutations
 23941 | Spider:4 | Noticed Esekla's illusion
 23941 | Spider:4 | Killed Mara
 24146 | Spider:4 | Offered knowledge of Eringya's Noxious Bog by Vehumet.
 24810 | Spider:4 | Reached skill level 1 in Earth Magic
 25051 | Spider:4 | Got a gossamer rune of Zot
 25436 | Shoals:1 | Entered Level 1 of the Shoals
 25828 | Shoals:1 | Reached skill level 22 in Spellcasting
 26052 | Shoals:2 | Reached skill level 10 in Necromancy
 26221 | Shoals:2 | Reached XP level 17. HP: 104/104 MP: 40/45
 26279 | Shoals:2 | Offered knowledge of Fire Storm by Vehumet.
 26279 | Shoals:2 | Offered knowledge of Chain Lightning by Vehumet.
 26279 | Shoals:2 | Offered knowledge of Polar Vortex by Vehumet.
 26291 | Shoals:2 | Learned a level 7 spell: Ozocubu's Refrigeration
 26532 | Shoals:2 | Found Biskeott's Firing Range.
 26744 | Shoals:3 | Noticed Ilsuiw
 26754 | Shoals:3 | Killed Ilsuiw
 27207 | Shoals:3 | Found Zemonaik's Distillery.
 27220 | Shoals:3 | Bought a potion of heal wounds for 75 gold pieces
 27220 | Shoals:3 | Bought a potion of heal wounds for 75 gold pieces
 27220 | Shoals:3 | Bought 2 potions of heal wounds for 150 gold pieces
 27457 | Shoals:2 | Identified the +1 animal skin "Kougi" {rPois rF++ MP+9}
 27500 | Shoals:4 | Entered Level 4 of the Shoals
 27529 | Shoals:4 | Reached skill level 23 in Spellcasting
 27587 | Shoals:3 | Noticed a kraken
 27593 | Shoals:3 | Killed a kraken
 27698 | Shoals:4 | Reached skill level 5 in Earth Magic
 27847 | Shoals:4 | Identified the +1 ring mail "Uronn" {rF+ Regen+ Int+3}
 27929 | Shoals:4 | Noticed a kraken
 27940 | Shoals:4 | Killed a kraken
 27941 | Shoals:4 | Reached XP level 18. HP: 111/111 MP: 33/47
 28123 | Shoals:4 | Identified the ring "Pileq" {Ice Str+4 Dex+3 Slay+2}
 28177 | Shoals:4 | Got a barnacled rune of Zot
 28180 | Shoals:4 | Got Cuuv Rytt's Atlas of Hot Beguiling
 28416 | D:11     | Learned a level 3 spell: Frozen Ramparts
 28426 | D:11     | Learned a level 8 spell: Maxwell's Capacitive Coupling
 28858 | D:13     | Found a gate to the Vaults.
 28871 | D:13     | Reached skill level 24 in Spellcasting
 29881 | Vaults:1 | Entered Level 1 of the Vaults
 29946 | Vaults:1 | Identified the +9 arbalest of Xom's Indignation {penet,
                  | Dex+4 Stlth+}
 30206 | Vaults:1 | Found Emogyl Osee's Armour Boutique.
 31268 | Vaults:2 | Reached skill level 25 in Spellcasting
 31313 | Vaults:2 | Found a flickering gateway to a bazaar.
 31417 | Vaults:2 | Found a staircase to the Crypt.
 31692 | Bazaar   | Entered a bazaar
 31710 | Bazaar   | Found Huts's Armour Emporium.
 31710 | Bazaar   | Found Fuoqy's Distillery.
 31721 | Bazaar   | Bought a potion of curing for 21 gold pieces
 31721 | Bazaar   | Bought a potion of mutation for 56 gold pieces
 31727 | Bazaar   | Bought a +1 cloak of stealth for 181 gold pieces
 31748 | Bazaar   | Found Luehida's Magic Scroll Shoppe.
 31755 | Bazaar   | Bought a scroll of blinking for 82 gold pieces
 31755 | Bazaar   | Bought a scroll of enchant armour for 82 gold pieces
 31767 | Bazaar   | Found Subykus's Antique Weapon Emporium.
 31767 | Bazaar   | Found Zefiutze's Weapon Shoppe.
 31772 | Bazaar   | Bought a glowing long sword for 175 gold pieces
 31778 | Bazaar   | Bought the +8 Vampire's Tooth {megavamp} for 540 gold
                  | pieces
 31778 | Bazaar   | Found the +8 Vampire's Tooth {megavamp}
 31789 | Bazaar   | Found Gopir's Armour Shoppe.
 31794 | Bazaar   | Bought the +0 mask of the Dragon {Will+ Slay+3 SInv} for
                  | 367 gold pieces
 31794 | Bazaar   | Found the +0 mask of the Dragon {Will+ Slay+3 SInv}
 31872 | Vaults:2 | Learned a level 4 spell: Dispel Undead
 31938 | Vaults:2 | You fall into a shaft and drop 2 floors!
 32051 | Vaults:4 | Reached XP level 19. HP: 115/116 MP: 48/50
 32261 | Vaults:4 | Found a huge runed gate.
 32261 | Vaults:4 | Found a huge runed gate.
 32261 | Vaults:4 | Found a huge runed gate.
 32261 | Vaults:4 | Found a huge runed gate.
 32261 | Vaults:4 | Found a huge runed gate.
 32262 | Vaults:4 | Found a huge runed gate.
 32262 | Vaults:4 | Found a huge runed gate.
 32262 | Vaults:4 | Found a huge runed gate.
 32262 | Vaults:4 | Found a huge runed gate.
 32264 | Vaults:4 | Found a huge runed gate.
 32264 | Vaults:4 | Found a huge runed gate.
 32264 | Vaults:4 | Found a huge runed gate.
 32264 | Vaults:4 | Found a huge runed gate.
 32264 | Vaults:4 | Found a huge runed gate.
 32264 | Vaults:4 | Found a huge runed gate.
 32265 | Vaults:4 | Found a huge runed gate.
 32346 | Vaults:4 | Slain by a vault warden

Illustrated notes

Levels and vault maps discovered:
D:1:      sevenhm_arrival_forest_fort_small_3, layout_rooms,
          chequers_serial_rivers_room_b, minmay_misc_feat_five
D:2:      layout_loops_ring, dreamdust_ecumenical_altar_angels_and_demons,
          serial_shops, shop
D:3:      layout_basic, grunt_temple_overflow_open, minmay_misc_feat_iff
D:4:      layout_basic, nicolae_overflow_quartered_altars, serial_shops,
          nicolae_diamond_shop
D:5:      layout_loops_ring, lemuel_doored_altar, minmay_misc_feat_rows,
          dreamdust_wishing_well
D:6:      layout_loops_cross, fedhas_altar_fruit_tree,
          minmay_temple_entry_glass, uniq_pikel, uniq_blork_the_orc
D:7:      layout_basic, uniq_menkaure, uniq_joseph, uniq_crazy_yiuf_cottage
D:8:      layout_basic, nicolae_uskayaw_dance_hall, serial_demonic,
          serial_demonic_d, serial_demonic_a, serial_demonic_c,
          serial_demonic_c, nicolae_diode_quadrants
D:9:      layout_irregular_city, kennysheep_little_box, enter_bailey_4,
          minmay_between, uniq_harold
D:10:     layout_basic, nicolae_ru_awakened_eye
D:11:     layout_rooms, hellmonk_lair_entry_icy, serial_ice, serial_ice_j,
          serial_ice_m, serial_ice_o, serial_ice_c, serial_ice_g, serial_ice_f,
          guppyfry_shop_earth, uniq_psyche, uniq_lodul
D:12:     layout_roguey, nicolae_trove_entry_crossroad
D:13:     layout_loops_ring, lightli_vaults_fourway_checkpoint
Lair:1:   layout_small_grid
Lair:2:   gammafunk_boulding_lane, layout_small_grid, elwin_shoals_entry_rooms
Lair:3:   kb_forest_paths, layout_chaotic_city, spider_nest_entry_rubble
Lair:4:   layout_hall_layers, grunt_megastairs_3, lemuel_fruit_fields,
          uniq_rupert
Lair:5:   guppyfry_lair_end_dragon, layout_misc_corridors, wormcave,
          dpeg_slime_entry_enclosed
Shoals:1: layout_shoals, nicolae_shoals_nautilus_by_nature
Shoals:2: argonaut_golden_fleece, layout_shoals, nicolae_shop_firing_range
Shoals:3: layout_shoals, serial_shops, shop, nicolae_shoals_lost_giant_hut,
          uniq_ilsuiw
Shoals:4: shoals_end_hellmonk_lost_city, serial_shops
Spider:1: layout_spider_delve, nicolae_spider_some_kinda_spiderbox
Spider:2: layout_spider_delve, nicolae_spider_twisty_arc_passages
Spider:3: layout_chambers, nicolae_orb_stairs
Spider:4: grunt_spider_rune_circles, guppyfry_hornet_nest, uniq_mara
Orc:1:    layout_caves
Orc:2:    pf_orc_diabolical, layout_diamond_mine, uniq_azrael
Elf:1:    minmay_elf_arrival_plus, layout_loops_cross,
          kennysheep_underground_church
Vaults:1: vaults_dpeg_emergency_exit, nicolae_vaults_ellipses_ellipsis,
          nicolae_vaults_variable_pillar_hall, v_misc_22, v_misc_33,
          nicolae_vaults_closet_pinwheel_3, v_alt_pattern_4, v_alt_pattern_4,
          nicolae_vaults_tetromino_Z_2, nicolae_vaults_taking_the_gang_shopping,
          nicolae_vaults_spaceships, v_misc_33, nicolae_vaults_shelves_hall,
          nicolae_vaults_trapezoid_lopsided_1, nicolae_vaults_little_ls,
          layout_vaults_ring
Vaults:2: ontoclasm_vaults_bender, nicolae_vaults_storage_closets_1, v_misc_9,
          vaults_room_pools, nicolae_vaults_more_shelving_2, v_misc_14,
          vaults_standard_mumra_lines, hangedman_vaults_stream,
          nicolae_vaults_windows_and_doors_thing,
          minmay_crypt_entry_simple_corners, nicolae_vaults_stand_back,
          vaults_dpeg_diagonal, nicolae_vaults_little_squares_5,
          layout_vaults_omnibox, serial_shops, bzr_entry_gold
Vaults:4: nicolae_vaults_network_periphery, nicolae_vaults_angled_halls,
          ontoclasm_vaults_twist, door_vault, nicolae_vaults_more_shelving_1,
          nicolae_vaults_yaktaur_gun_rack, hangedman_vaults_slither, v_rooms_1,
          ontoclasm_vaults_claustrophobia, nicolae_vaults_trapezoid_lopsided_1,
          grunt_vaults_focal, hangedman_vaults_slice, layout_vaults_omnicross,
          serial_shops, shop

Skill      XL: |  1  2  3  4  5  6  7  8  9 10 11 12 13 14 15 16 17 18 |
---------------+-------------------------------------------------------+-----
Spellcasting   | 5 6 7 9 11 13 14 15 17 18 19 20 22 23 25 | 25.6
Dodging        | 1 2 3 5 6 7 8 9 10 11 12 13 14 | 14.5
Necromancy     | 1 2 3 4 6 7 8 9 10 | 10.5
Short Blades   | 1 2 3 4 |  4.0
Translocations | 3 4 5 |  5.8
Stealth        | 2 3 4 |  4.6
Conjurations   | 2 3 5 6 7 8 |  8.6
Transmutations | 1 2 3 4 5 6 |  6.6
Throwing       | 1 2 |  2.2
Shields        | 2 |  2.9
Long Blades    | 1 2 3 |  3.1
Fighting       | 2 4 6 7 8 9 10 11 | 11.8
Fire Magic     | 2 4 5 6 7 |  7.1
Poison Magic   | 2 5 6 7 8 9 |  9.3
Armour         | 1 3 4 5 6 7 |  7.0
Ice Magic      | 3 5 6 8 9 |  9.3
Air Magic      | 2 4 5 6 7 8 9 |  9.8
Earth Magic    | 3 5 7 |  7.3
Invocations    | |  1.0
Evocations     | |  0.5

Action                     |  1- 3 |  4- 6 |  7- 9 | 10-12 | 13-15 | 16-18 | 19-21 || total
---------------------------+-------+-------+-------+-------+-------+-------+-------++-------
  Melee: Short sword       |    21 |       |       |       |       |       |       ||    21
         Rapier            |    15 |    61 |    12 |    29 |    22 |    94 |    26 ||   259
         Dagger            |       |    31 |    17 |       |       |       |       ||    48
         Scimitar          |       |       |     5 |    42 |    51 |     8 |       ||   106
  Throw: Dart              |       |    10 |    30 |    36 |       |       |       ||    76
         Boomerang         |       |       |       |       |     1 |     6 |       ||     7
   Cast: Magic Dart        |    38 |    46 |    26 |    27 |       |       |       ||   137
         Apportation       |    21 |    27 |    23 |    76 |    81 |    56 |       ||   284
         Blink             |     1 |     2 |     7 |     5 |     8 |     8 |       ||    31
         Vampiric Draining |       |    14 |    39 |    56 |    23 |    50 |     2 ||   184
         Searing Ray       |       |       |    68 |    73 |    48 |    22 |     4 ||   215
         Ignite Poison     |       |       |     6 |    57 |   156 |   167 |     6 ||   392
         Iskenderun's Myst |       |       |       |    10 |     3 |     3 |     1 ||    17
         Olgreb's Toxic Ra |       |       |       |    40 |    52 |    60 |     2 ||   154
         Poisonous Vapours |       |       |       |    34 |   176 |   195 |     5 ||   410
         Wereblood         |       |       |       |    10 |    18 |    24 |     3 ||    55
         Freezing Cloud    |       |       |       |     7 |    37 |    29 |     1 ||    74
         Mephitic Cloud    |       |       |       |     4 |    17 |    25 |     1 ||    47
         Fireball          |       |       |       |       |     4 |     5 |       ||     9
         Irradiate         |       |       |       |       |    12 |    25 |     2 ||    39
         Sticky Flame      |       |       |       |       |     6 |    50 |    10 ||    66
         Conjure Ball Ligh |       |       |       |       |     1 |       |       ||     1
         Orb of Destructio |       |       |       |       |       |     2 |       ||     2
         Ozocubu's Refrige |       |       |       |       |       |    15 |       ||    15
         Frozen Ramparts   |       |       |       |       |       |    12 |       ||    12
         Dispel Undead     |       |       |       |       |       |       |    10 ||    10
  Evoke: Wand              |       |     1 |     1 |     7 |     2 |       |       ||    11
    Use: Scroll            |     1 |       |     8 |     7 |    12 |     8 |       ||    36
         Potion            |       |       |     2 |     3 |     4 |    11 |     1 ||    21
   Stab: Sleeping          |     5 |     4 |     4 |     2 |     2 |     3 |       ||    20
         Confused          |       |       |       |     1 |     1 |     4 |       ||     6
 Armour: Robe              |    27 |    28 |    27 |       |       |       |       ||    82
         Steam dragon scal |       |       |       |    47 |       |       |       ||    47
         Troll leather arm |       |       |       |     5 |   101 |   169 |       ||   275
         Ring mail         |       |       |       |       |       |    53 |    36 ||    89
  Dodge: Dodged            |    33 |    78 |    92 |   130 |   148 |   297 |    32 ||   810
         Repelled          |       |       |       |       |       |    11 |       ||    11
  Block: Buckler           |     8 |    24 |    29 |    28 |    29 |    77 |    10 ||   205
